 Dungeon Sprint DCSS version 0.28.0-53-g5a82cb258f (webtiles) character file.

Game seed: 16861817707532268561

2900000 Zeld the Acrobat (level 17, -53/148 HPs)
             Began as a Djinni Monk on June 7, 2022.
             Was a High Priest of Makhleb.
             Annihilated by a meat berserker
             ... wielding a +9 battleaxe
              (96 damage)
             ... in the Dungeon (Sprint VIII: "Arena of Blood").
             The game lasted 00:00:39 (29 turns).

Zeld the Acrobat (Djinni Monk)                        Turns: 29, Time: 00:00:39

Health: -53/148    AC:  2    Str: 16    XL:     17   Next: 98%
Gold:   0          EV: 27    Int: 13    God:    Makhleb [*****.] SH:  0 Dex: 17

rFire   + + .      SeeInvis .   g - +∞ Axe of Woe
rCold   x . .      Faith    .   (shield currently unavailable)
rNeg    . . .      Spirit   .   a - +0 robe
rPois   ∞          Reflect  .   (no helmet)
rElec   .          Harm     .   (no cloak)
rCorr   .          Rampage  .   (no gloves)
Will    +....      NoTele   +   (boots unavailable)
Stlth   ++++......              (no amulet)
HPRegen 0.34/turn               (no ring)
MPRegen 0.00/turn               (no ring)

@: flying
A: sickness immunity, fire resistance 2, cold vulnerability 1, float, innate
caster, HP casting, extra vitality 1
a: Renounce Religion, Minor Destruction, Lesser Servant of Makhleb, Major
Destruction, Greater Servant of Makhleb


You were in the Dungeon.
You worshipped Makhleb.
Makhleb was extremely pleased with you.
You visited 1 branch

Inventory:

Hand Weapons
 g - the +∞ Axe of Woe (weapon)
   (You found it in the Dungeon)
Armour
 a - a +0 robe (worn)
Scrolls
 f - a scroll of blinking
Potions
 b - a potion of curing
 c - a potion of heal wounds
 d - a potion of haste
 e - a potion of berserk rage


   Skills:
 + Level 22.2 Fighting
 * Level 20.6 Axes
 + Level 24.2 Dodging
 + Level 8.1 Stealth
 + Level 22.1 Unarmed Combat
 * Level 17.0 Spellcasting
 * Level 21.1 Invocations


You had 17 spell levels left.
You knew the following spells:

 Your Spells              Type           Power      Damage    Failure   Level
a - Beastly Appendage     Tmut           100%       N/A       0%          1
b - Poisonous Vapours     Pois/Air       100%       N/A       0%          2
c - Gell's Gravitas       Tloc           53%        N/A       0%          3
d - Leda's Liquefaction   Hex/Erth       26%        N/A       1%          4
e - Lee's Rapid Deconstr  Erth           26%        3d15*     1%          5
f - Freezing Cloud        Conj/Ice/Air   26%        6-21      1%          5
g - Conjure Ball Lightni  Conj/Air       26%        3x3d7     1%          6
h - Malign Gateway        Summ/Tloc      26%        N/A       4%          7
Your spell library was empty.

Dungeon Overview and Level Annotations

Branches:
Dungeon (1/1)

Altars:
Makhleb


Innate Abilities, Weirdness & Mutations

You are immune to sickness and miasma.
You are immune to poison.
Your flesh is very heat resistant. (rF++)
You are vulnerable to cold. (rC-)
You float through the air rather than walking.
You learn spells naturally, not from books.
Your magical power is your life essence.
You have superior vitality. (+4 MHP)


Message History

You hear a shout! x3
Your Fighting skill increases to level 22!
Your Axes skill increases to level 20!
Your Dodging skill increases to level 24!
Your Stealth skill increases to level 8!
Your Unarmed Combat skill increases to level 22!
Your Spellcasting skill increases to level 17!
Your Invocations skill increases to level 21!
Unknown command.
Press < or > to pray at altars.
You are engulfed in blazing flames.
You resist.
You hear a shout! x5
A meat berserker comes into view. It is wielding a +9 battleaxe.
You hear a shout!
A bag of meat comes into view. It is wielding a +9 war axe.
You hear a shout! x3
A bag of meat comes into view. It is wielding a +9 war axe.
The meat berserker hits your eldritch tentacle with a +9 battleaxe!!!
The meat berserker hits your eldritch tentacle segment with a +9 battleaxe!!!
The meat berserker is engulfed in blazing flames.
You hear a shout!
The sculptor of flesh appears out of thin air!
A sculptor of flesh comes into view. It is wielding a +9 great sword.
You are engulfed in blazing flames.
You resist.
You hear a shout!
A meat berserker comes into view. It is wielding a +9 battleaxe.
The meat berserker hits you with a +9 battleaxe!!!
* * * LOW HITPOINT WARNING * * *
A meat berserker comes into view. It is wielding a +9 battleaxe.
You hear a shout! x2
A destroyer comes into view. It is wielding a +9 vorpal great sword.
Your eldritch tentacle slaps the meat berserker!!
The meat berserker is engulfed in flames!!
Your eldritch tentacle claws the meat berserker.
A bag of meat comes into view. It is wielding a +9 war axe.
You hear a shout!
The meat berserker is engulfed in blazing flames.
The meat berserker hits you with a +9 battleaxe!!!!
Ouch! That really hurt!
You die...

.. .. .. .. #.
.# #.. ..#
.###.. ..###.
oo...§###......
O*w°°§O@.......
O.O.#§§O).#V...
. #_.<)_# .
#.O...#
....._..z.o
......###....o.
.###.o ..###.
#.. ..# #.. ..#


You could see a destroyer, a sculptor of flesh (wandering), a large bag of meat
(inner flame), 5 meat berserkers, 3 bags of meat and a friendly eldritch
tentacle.

Vanquished Creatures
  5 ogres (D)
  A two-headed ogre (D)
  9 orcs (D)
15 creatures vanquished.

Notes
Turn   | Place    | Note
-------+----------+-------------------------------------------
     0 | D        | Found the +∞ Axe of Woe
     0 | D        | Zeld the Djinni Monk began the quest for the Orb.
     0 | D        | Reached XP level 1. HP: 20/20 MP: 0/0
     2 | D        | Noticed a bag of meat
     4 | D        | Became a worshipper of Makhleb the Destroyer
     4 | D        | Reached * piety under Makhleb
     4 | D        | Reached ** piety under Makhleb
     4 | D        | Noticed a meat berserker
     5 | D        | Noticed a bag of meat
     5 | D        | Noticed a bag of meat
     6 | D        | Noticed a bag of meat
     6 | D        | Noticed a bag of meat
     6 | D        | Noticed a bag of meat
     8 | D        | Noticed a bag of meat
     9 | D        | Killed a meat berserker
     9 | D        | Noticed a bag of meat
    10 | D        | Reached skill level 10 in Axes
    10 | D        | Reached skill level 14 in Dodging
    10 | D        | Reached XP level 2. HP: 40/40 MP: 0/0
    10 | D        | Reached XP level 3. HP: 45/45 MP: 0/0
    10 | D        | Learned a level 1 spell: Beastly Appendage
    10 | D        | Reached XP level 4. HP: 51/51 MP: 0/0
    10 | D        | Reached XP level 5. HP: 57/57 MP: 0/0
    10 | D        | Learned a level 2 spell: Poisonous Vapours
    10 | D        | Reached XP level 6. HP: 63/63 MP: 0/0
    10 | D        | Reached XP level 7. HP: 68/68 MP: 0/0
    10 | D        | Learned a level 3 spell: Gell's Gravitas
    10 | D        | Reached XP level 8. HP: 75/75 MP: 0/0
    10 | D        | Reached XP level 9. HP: 80/80 MP: 0/0
    10 | D        | Learned a level 4 spell: Leda's Liquefaction
    10 | D        | Reached XP level 10. HP: 86/86 MP: 0/0
    10 | D        | Reached XP level 11. HP: 92/92 MP: 0/0
    10 | D        | Learned a level 5 spell: Lee's Rapid Deconstruction
    10 | D        | Reached XP level 12. HP: 98/98 MP: 0/0
    10 | D        | Killed a bag of meat
    10 | D        | Killed a bag of meat
    10 | D        | Noticed a meat berserker
    11 | D        | Reached skill level 15 in Fighting
    11 | D        | Reached skill level 16 in Dodging
    11 | D        | Reached skill level 15 in Unarmed Combat
    11 | D        | Reached skill level 10 in Spellcasting
    11 | D        | Reached XP level 13. HP: 91/107 MP: 0/0
    11 | D        | Learned a level 5 spell: Freezing Cloud
    11 | D        | Noticed a meat berserker
    12 | D        | Killed a bag of meat
    12 | D        | Reached *** piety under Makhleb
    12 | D        | Noticed a bag of meat
    13 | D        | Reached skill level 17 in Dodging
    13 | D        | Reached skill level 5 in Stealth
    13 | D        | Reached XP level 14. HP: 46/115 MP: 0/0
    13 | D        | Killed a meat berserker
    13 | D        | Killed a bag of meat
    14 | D        | Reached skill level 19 in Dodging
    14 | D        | Reached XP level 15. HP: 94/124 MP: 0/0
    14 | D        | Learned a level 6 spell: Conjure Ball Lightning
    14 | D        | Killed a meat berserker
    14 | D        | Reached **** piety under Makhleb
    14 | D        | Reached ***** piety under Makhleb
    15 | D        | Reached skill level 21 in Dodging
    15 | D        | Reached XP level 16. HP: 137/137 MP: 0/0
    15 | D        | Noticed a meat berserker
    16 | D        | Noticed a meat berserker
    20 | D        | Killed a meat berserker
    20 | D        | Killed a meat berserker
    21 | D        | Reached skill level 22 in Dodging
    21 | D        | Reached skill level 15 in Spellcasting
    21 | D        | Reached XP level 17. HP: 146/146 MP: 0/0
    21 | D        | Learned a level 7 spell: Malign Gateway
    22 | D        | Reached skill level 23 in Dodging
    22 | D        | Noticed a large bag of meat
    22 | D        | Noticed a large bag of meat
    24 | D        | Noticed a meat berserker
    24 | D        | Noticed a meat berserker
    25 | D        | Noticed a large bag of meat
    27 | D        | Killed a large bag of meat
    28 | D        | Reached skill level 24 in Dodging
    28 | D        | Noticed a meat berserker
    29 | D        | Noticed a meat berserker
    29 | D        | Noticed a meat berserker
    29 | D        | Noticed a destroyer
    29 | D        | Annihilated by a meat berserker

Illustrated notes

Levels and vault maps discovered:
D:        meatsprint

Skill      XL: |  1  2  3  4  5  6  7  8  9 10 11 12 13 14 15 16 17 |
---------------+----------------------------------------------------+-----
Fighting       | 13 15 17 19 21 22 | 22.2
Axes           | 10 12 14 16 18 20 | 20.6
Dodging        | 14 16 17 19 21 22 24 | 24.2
Stealth        | 4 5 6 7 8 |  8.1
Unarmed Combat | 13 15 16 17 19 21 22 | 22.1
Spellcasting   | 9 10 11 12 14 15 17 | 17.0
Invocations    | 11 13 14 16 18 19 21 | 21.1

Action                   |  1- 3 |  4- 6 |  7- 9 | 10-12 | 13-15 | 16-18 || total
-------------------------+-------+-------+-------+-------+-------+-------++-------
Melee: Executioner's axe |     1 |       |       |     1 |     3 |     4 ||     9
 Cast: Gell's Gravitas   |       |       |       |       |     1 |       ||     1
       Malign Gateway    |       |       |       |       |       |     1 ||     1
Dodge: Dodged            |       |       |       |       |     2 |       ||     2
